[Event "*** Titled Tuesday Blitz"]
[Site "Chess.com"]
[Date "2020.11.03"]
[Round "9"]
[White "PavelShkapenko"]
[Black "Rakesh"]
[Result "0-1"]
[WhiteElo "2633"]
[BlackElo "2495"]
[TimeControl "180+1"]
[EndTime "11:50:37 PST"]
[Termination "Rakesh won by resignation"]

1. e4 c5 2. c3 Nf6 3. e5 Nd5 4. d4 cxd4 5. cxd4 e6 6. Nc3 Nxc3 7. bxc3 Qc7 8. Bd2 d6 9. Nf3 Nc6 10. exd6 Bxd6 11. Bd3 b6 12. O-O Bb7 13. Qe2 Ne7 14. h3 Bf4 15. Bb5+ Bc6 16. Bxc6+ Nxc6 17. Bxf4 Qxf4 18.
d5 Nd8 19. Qb5+ Ke7 20. Ne5 Qxe5 21. Rfe1 Qd6 22. Rad1 e5 23. f4 f6 24. fxe5 fxe5 25.
Qa6 Rf8 26. Rd2 Rf5 27. c4 Kf8 28. Rde2 Nf7 29. Qb7 Qb8 30. Qc6 Qc8 31. Qb5 Qc5+ 32. Qxc5+ bxc5 33. Rb1 Nd6 34. g4 Rf6 35. Rxe5 Nxc4 36.
Rh5 h6 37. Rc1 Nd6 38. Rxc5 Re8 39. Rc2 Re1+ 40. Kg2 Rd1 41. Re5 Kg8 42. a4 Rd4 43. a5 Ra4 44. Rc7 Ne4 45. Rc2 Nd6 46. Rc7 Rxa5 47.
Ree7 Rg6 48. Kf3 a6 49. Re6 Rxe6 50. dxe6 Re5 51. Rc8+ Kh7 52. Rc6 Rxe6 53. Rxa6 Rf6+ 54.
Kg2 Ne4 55. Ra4 Nd6 56. Ra6 Nf7 57. Ra5 Kg6 58. Kg3 Rd6 59. h4 Kf6 60. Kf4 Rd4+ 61.
Kg3 Nd6 62. g5+ hxg5 63. hxg5+ Kg6 64. Kf3 Nf5 65. Ra1 Kxg5 66. Rg1+ Kf6 67. Ra1 Rd3+ 68. Ke4 Re3+ 69. Kf4 g5+ 70. Kg4 Rg3+ 71. Kh5 Rh3+ 72. Kg4 Rg3+ 73. Kh5 Ng7+ 0-1

[Event "*** Titled Tuesday Blitz"]
[Site "Chess.com"]
[Date "2020.11.03"]
[Round "9"]
[White "karwowskikacper"]
[Black "A-S-00"]
[Result "0-1"]
[WhiteElo "2451"]
[BlackElo "2338"]
[TimeControl "180+1"]
[EndTime "11:50:38 PST"]
[Termination "A-S-00 won by checkmate"]

1. d4 Nf6 2. Bg5 Ne4 3. Bf4 d5 4. Nc3 Nxc3 5. bxc3 c5 6. e3 Nc6 7. Nf3 g6 8. Bb5 Bg7 9. Bxc6+ bxc6 10. O-O O-O 11. Qd2 cxd4 12. cxd4 c5 13. c3 Bf5 14. Rfd1 c4 15. h3 Qa5 16. g4 Be4 17. Ne1 g5 18. Bxg5 f6 19. Bh4 Rab8 20. f3 Bg6 21. Bg3 Rb5 22.
h4 h6 23. h5 Bh7 24. f4 Be4 25. f5 Qb6 26. Qf2 e6 27. Ng2 exf5 28. gxf5 Rb2 29. Rd2 Rxd2 30. Qxd2 Bxf5 31. Nf4 Be4 32. Rf1 Rc8 33.
Ng6 Qe6 34. Qf2 Re8 35. Bf4 Qg4+ 36. Qg3 Qxh5 37. Nh4 Kf7 38. Kf2 Re7 39. Rg1 Kg8 40.
Qg4 Qxg4 41. Rxg4 Rb7 42. Bxh6 Kh7 43. Bxg7 Rxg7 44. Rxg7+ Kxg7 45. Kg3 Kf7 46. Kf4 Ke6 47. a3 a5 48. Kg4 Ke7 49. Kg3 Ke6 50. Kf4 Kd6 51.
Nf5+ Kc6 52. Ne7+ Kb5 53. Nc8 Ka4 54. Nb6+ Kxa3 55. Nxc4+ Ka4 56. Nd6 Bd3 57. c4 dxc4 58. Ne4 Bxe4 59. Kxe4 c3 60. Kd3 Kb3 61. d5 c2 62. d6 c1=Q 63. Ke4 Qc2+ 64. Kd5 Qd3+ 65. Kc5 a4 66. e4 a3 67. Kc6 a2 68. e5 a1=Q 69. e6 Qaa6+ 70. Kc5 Qdxd6# 0-1

[Event "*** Titled Tuesday Blitz"]
[Site "Chess.com"]
[Date "2020.11.03"]
[Round "9"]
[White "LubovMarkelova"]
[Black "ljuks68"]
[Result "0-1"]
[WhiteElo "2236"]
[BlackElo "2361"]
[TimeControl "180+1"]
[EndTime "11:50:40 PST"]
[Termination "ljuks68 won by resignation"]

1. Nf3 d5 2. d4 Nf6 3. c4 c6 4.
e3 e6 5. b3 Bb4+ 6. Nbd2 Ne4 7. a3 Bd6 8. Bb2 f5 9. Bd3 O-O 10. O-O Nd7 11. Ne5 Nxe5 12. dxe5 Be7 13. f3 Nxd2 14.
Qxd2 b6 15. Rad1 Ba6 16. cxd5 Bxd3 17. Qxd3 cxd5 18. Rc1 Rc8 19. Rxc8 Qxc8 20. Rc1 Qd7 21. Qc3 Rd8 22. Qc7 Kf7 23. b4 Ke8 24. Bd4 Qxc7 25. Rxc7 Rd7 26. Rc8+ Bd8 27. b5 Rb7 28. Kf2 Kd7 29. Rc6 Bc7 30. a4 g5 31. g4 fxg4 32. fxg4 Rb8 33. Kg3 h6 34. Kg2 Rb7 35.
Rc2 Rb8 36. Rf2 Ke7 37. Rf6 Rh8 38. Rg6 Kf7 39. Rf6+ Ke7 40. Kf3 Rf8 41. Rxf8 Kxf8 42. e4 dxe4+ 43. Kxe4 Kf7 44. Bf2 Kg6 45. h4 Bd8 46.
h5+ Kf7 47. a5 Kg7 48. a6 Bc7 49. Be3 Bd8 50. Bd2 Bc7 51. Bb4 Kf7 52. Bd6 Bxd6 53. exd6 Ke8 54. Ke5 Kd7 55. Kf6 Kxd6 56. Kg6 e5 57.
Kxh6 e4 58. Kxg5 e3 59. h6 e2 60. h7 e1=Q 61. h8=Q Qe3+ 62. Kg6 Qd3+ 63. Kf7 Qc4+ 64.
Kf8 Qc8+ 65. Kg7 Qxg4+ 66. Kf7 Qf5+ 67. Qf6+ Qxf6+ 68. Kxf6 Kc5 69. Ke6 Kxb5 70. Kd7 Kxa6 71. Kc7 b5 0-1

[Event "*** Titled Tuesday Blitz"]
[Site "Chess.com"]
[Date "2020.11.03"]
[Round "9"]
[White "Chessalary"]
[Black "DraG0s3L"]
[Result "1-0"]
[WhiteElo "2440"]
[BlackElo "2581"]
[TimeControl "180+1"]
[EndTime "11:50:45 PST"]
[Termination "Chessalary won by resignation"]

1. d4 Nf6 2. c4 e6 3. Nc3 Bb4 4. e3 O-O 5. Ne2 b6 6. a3 Be7 7. Ng3 Bb7 8. e4 d5 9. e5 Ne4 10. Ncxe4 dxe4 11. Be2 f5 12. exf6 Bxf6 13. Be3 Nc6 14.
Nxe4 Bxd4 15. Qb3 Na5 16. Qc2 Bxb2 17. Ng5 Rf5 18. Qxb2 Rxg5 19. Bxg5 Qxg5 20. Qc3 Rd8 21. Rd1 Rxd1+ 22. Kxd1 Qxg2 23. Re1 Qxf2 24. Bg4 Qa2 25.
Bxe6+ Kh8 26. Bf5 Bc6 27. Rg1 Qb3+ 28. Qxb3 Nxb3 29. Re1 Nd4 30. Be4 Ba4+ 31. Kd2 g6 32. Bd5 c6 33. Bg2 c5 34. Re7 Bb3 35. Kc3 a5 36. h4 a4 37. Be4 Ne2+ 38. Kd2 Bxc4 39. h5 Nf4 40. hxg6 hxg6 41. Kc3 Bd5 42. Bc2 Kg8 43.
Bxa4 Kf8 44. Re5 Kf7 45. Bc2 Kf6 46. Re8 g5 47. a4 g4 48. Rf8+ Ke5 49. Rf5+ Kd6 50.
Rxf4 g3 51. Rg4 g2 52. Kd2 c4 53. Ke2 Kc5 54. Kf2 Kb4 55. Rg5 Ba8 56. Rg6 Kc3 57. Bd1 Kd2 58. Rd6+ Kc1 59. Be2 c3 60. Bd3 Kd2 61. Be4+ Kc1 62. Bxa8 c2 63. Be4 Kb2 64. Bxc2 Kxc2 65. Rxb6 Kc3 66. a5 Kc4 67. a6 Kc5 68. Rb1 Kc6 69. a7 Kc7 70. a8=Q Kd6 71. Qxg2 Ke7 72.
Qg6 1-0

[Event "*** Titled Tuesday Blitz"]
[Site "Chess.com"]
[Date "2020.11.03"]
[Round "9"]
[White "Fandorine"]
[Black "Vanina1989"]
[Result "1-0"]
[WhiteElo "2830"]
[BlackElo "2622"]
[TimeControl "180+1"]
[EndTime "11:50:50 PST"]
[Termination "Fandorine won on time"]

1. Nf3 d5 2. e3 c6 3. c4 Bg4 4. Qb3 Qc7 5. cxd5 cxd5 6. Nc3 Bxf3 7. gxf3 e6 8. f4 Nf6 9. f5 Nbd7 10. fxe6 fxe6 11.
Bh3 Nc5 12. Qc2 e5 13. d4 exd4 14. exd4 Nce4 15. O-O Bd6 16. Qa4+ Kf7 17. Nb5 Qb6 18. Nxd6+ Nxd6 19. Bf4 Rhe8 20. Bg2 Nde4 21. Be5 Rac8 22. Qa3 Kg8 23. Qh3 Rc2 24. Rac1 Qxb2 25. Rxc2 Qxc2 26.
Qh4 Qxa2 27. f3 Nd2 28. Rc1 Qb2 29. Re1 Qb6 30. Kh1 Nc4 31. Qg3 Qa5 32. Rg1 Nh5 33.
Qh4 g6 34. Bh3 Nxe5 35. dxe5 Rxe5 36. f4 Qb4 37. Qd8+ Kg7 38. fxe5 Qe4+ 39. Bg2 Qxe5 40.
Qxd5 Qe3 41. Qxb7+ Kh6 42. Qf3 Qd4 43. Re1 Nf4 44. Qe3 Qb4 45. Rf1 g5 46. h4 Kg6 47.
hxg5 Nh5 48. Qe4+ Qxe4 49. Bxe4+ Kxg5 50. Kh2 Nf4 51. Bxh7 Ne2 52. Ra1 Nd4 53. Bd3 Kf4 54.
Rxa7 Ke3 55. Bf1 Nf3+ 56. Kg3 Nd2 57. Re7+ Kd4 58. Bg2 Nc4 59. Re4+ Kc5 60. Kf4 Nd6 61. Re5+ Kc4 62. Bf1+ Kd4 63. Re6 Nb7 64. Bg2 Nc5 65. Rd6+ Kc4 66. Bf1+ Kb4 67. Ke3 Nb3 68. Rb6+ Kc3 69.
Rc6+ Kb4 70. Rc4+ Ka3 71. Bd3 Kb2 72. Rc2+ Ka1 73. Rh2 1-0

[Event "*** Titled Tuesday Blitz"]
[Site "Chess.com"]
[Date "2020.11.03"]
[Round "9"]
[White "Baby_Legs"]
[Black "RD4ever"]
[Result "1-0"]
[WhiteElo "2734"]
[BlackElo "2832"]
[TimeControl "180+1"]
[EndTime "11:50:58 PST"]
[Termination "Baby_Legs won on time"]

1. Nf3 d5 2. e3 Bg4 3. c4 c6 4.
cxd5 Bxf3 5. Qxf3 cxd5 6. Nc3 e6 7. d4 Nc6 8. Bd3 Nf6 9. Bd2 Be7 10. Rc1 O-O 11. O-O Qd7 12. Qe2 Rfc8 13. a3 a6 14.
h3 Na5 15. Rc2 Nc4 16. Rb1 Rc7 17. Be1 Rac8 18. Ra1 g6 19. f3 Kg7 20. Rac1 b5 21.
Nd1 Rc6 22. Kh1 Bd6 23. Bh4 Bb8 24. Bxf6+ Kxf6 25. f4 Kg7 26. Bxc4 bxc4 27. g4 Bd6 28. Qf2 Rb6 29. Nc3 Rcb8 30. Re1 Qe7 31. Ree2 R6b7 32. Qf3 Bc7 33. f5 Ba5 34. Na4 Bb6 35. Nc3 Kg8 36.
Rf2 Bd8 37. Qf4 Qc7 38. Qh6 Be7 39. Kg2 Bf8 40. Qg5 Qd8 41. Qf4 Qc7 42. Qf3 Rb3 43. Kh1 Qe7 44. Kg2 R3b7 45. Qg3 Qc7 46. Qf3 Qd6 47.
h4 Rd8 48. Kf1 e5 49. h5 Bg7 50. f6 Bf8 51. hxg6 fxg6 52. g5 Rf7 53. Ke1 exd4 54. exd4 h6 55. gxh6 Bxh6 56. Rce2 Bg5 57. Qg4 Bxf6 58.
Qxg6+ Kf8 59. Kd1 Rdd7 60. Rg2 Bg7 61. Qh7 Rf1+ 62. Kc2 Qh6 63. Ref2+ Rxf2+ 64. Rxf2+ Ke7 65. Qg8 Qg5 66. Re2+ Kd6 67. Kb1 Kc7 68. Ka2 Qf6 69. Qe6 Qxe6 70. Rxe6 Bxd4 71. Rxa6 Bxc3 72. bxc3 Rh7 73.
Ra7+ 1-0

[Event "*** Titled Tuesday Blitz"]
[Site "Chess.com"]
[Date "2020.11.03"]
[Round "9"]
[White "Zhigalko_Sergei"]
[Black "Beca95"]
[Result "1-0"]
[WhiteElo "2928"]
[BlackElo "2958"]
[TimeControl "180+1"]
[EndTime "11:51:03 PST"]
[Termination "Zhigalko_Sergei won by resignation"]

1. e4 e5 2. Nf3 Nc6 3. Bb5 a6 4.
Ba4 Nf6 5. O-O Be7 6. Re1 b5 7. Bb3 d6 8. c3 O-O 9. h3 Na5 10. Bc2 c5 11. d4 Nd7 12. Qe2 Rb8 13. d5 g6 14. Bh6 Re8 15. Nbd2 Nb6 16. b4 cxb4 17. cxb4 Nac4 18. Nxc4 Nxc4 19. Bd3 Nb6 20.
Rec1 Bd7 21. Rc2 f5 22. Rac1 f4 23. Nd2 Bg5 24. Bxg5 Qxg5 25. Kh2 Rec8 26. Nb3 Rxc2 27. Rxc2 Rc8 28. Rxc8+ Bxc8 29. Na5 Qh4 30. Kg1 h5 31.
Qc2 f3 32. Bf1 fxg2 33. Bxg2 Bxh3 34. Bxh3 Qxh3 35. Qc7 Qg4+ 36. Kh2 Qf4+ 37. Kg1 Qg4+ 38. Kh2 h4 39. Qxb6 h3 40. Qd8+ Kg7 41. Qe7+ Kh6 42.
Qf8+ Kh5 43. Qh8+ Kg5 44. Qxh3 Qxe4 45. Qg2+ Kf4 46. Qg3+ Kf5 47. Nc6 Kf6 48. Nd8 Qxd5 49. Qh4+ Kf5 50. Qh3+ Kf6 51. Qd7 e4 52. Nb7 Qh5+ 53.
Kg2 Qg5+ 54. Kf1 Qc1+ 55. Kg2 Qg5+ 56. Kf1 d5 57. Qd6+ Kg7 58. Nc5 Qc1+ 59. Kg2 Qg5+ 60. Qg3 Qf5 61. Nxa6 d4 62. Nc5 d3 63. Qc7+ Kg8 64. Qd8+ Kg7 65. Qe7+ Kh6 66. Nxe4 Qg4+ 67. Ng3 d2 68. Qe3+ Qg5 69. Qxg5+ Kxg5 70. Ne4+ Kf4 71. Nxd2 g5 72. Nb1 Ke4 73. Nc3+ Kd4 74. Nxb5+ Kc4 75. Nd6+ Kxb4 76. Ne4 Ka3 77. Nxg5 Kxa2 78.
f4 1-0

[Event "*** Titled Tuesday Blitz"]
[Site "Chess.com"]
[Date "2020.11.03"]
[Round "9"]
[White "esapunov"]
[Black "kleopl"]
[Result "1-0"]
[WhiteElo "2627"]
[BlackElo "2442"]
[TimeControl "180+1"]
[EndTime "11:51:37 PST"]
[Termination "esapunov won by resignation"]

1. c4 c6 2. Nf3 Nf6 3. b3 g6 4.
Bb2 Bg7 5. g3 O-O 6. Bg2 d5 7.
O-O Bg4 8. Qc2 e6 9. d3 Bxf3 10.
Bxf3 Na6 11. Bg2 Re8 12. Nc3 h5 13. h3 Nd7 14. Rac1 Qg5 15. e3 Nb4 16. Qe2 Nc5 17.
Rfd1 Rad8 18. d4 Nd7 19. a3 Na6 20. e4 Nb6 21. cxd5 exd5 22. h4 Qe7 23. e5 Nc7 24.
f4 f5 25. Kh2 Ne6 26. Qe3 Qd7 27. a4 Nc8 28. Ba3 Bf8 29. Bxf8 Rxf8 30. b4 Ne7 31. Nb1 Rc8 32. Nd2 Rfd8 33. Nb3 Kf7 34. Rc2 Kg7 35.
Rdc1 a6 36. Qd3 Qe8 37. Rc3 Qf8 38. Qd2 Ng8 39. R3c2 Ne7 40. Bf3 Qe8 41. Kg2 Qd7 42. Be2 Qe8 43. Kf3 Qd7 44. Ke3 Qe8 45. Bd3 Qd7 46.
Be2 Qe8 47. Na5 Qd7 48. Kf2 Rb8 49. Ke3 Qc7 50. Nb3 Qb6 51. Bd3 Ng8 52. Qc3 Nh6 53. Kf3 Ng4 54. b5 axb5 55. axb5 Rdc8 56. Qb4 Qd8 57.
Nc5 Nxc5 58. Rxc5 cxb5 59. Qxb5 b6 60. Rc6 Rxc6 61. Qxc6 Ra8 62. Rc3 Ra2 63. Be2 b5 64. Qxb5 Qa8 65. Qc6 Qa5 66. Qc7+ Qxc7 67. Rxc7+ Kh6 68.
Rc3 Rb2 69. Rc5 Rb3+ 70. Kg2 Rb2 71. Kf1 Rb1+ 72. Kg2 Rb2 73. Rxd5 Rxe2+ 74. Kf1 Re3 75. Kg2 Re2+ 76. Kf1 Re4 77. Rd7 Ne3+ 78. Ke2 Nc2+ 79. Kd3 Nb4+ 80. Kc4 Nc2 81. Kc5 Re3 82. d5 Rxg3 83.
d6 Rc3+ 84. Kb6 Nd4 85. Re7 Rf3 86. d7 Rb3+ 87. Kc5 Rb1 88. Kxd4 Rd1+ 89. Kc5 g5 90. hxg5+ Kg6 91. e6 h4 92. Re8 h3 93. d8=Q Rc1+ 94. Kb4 Rb1+ 95. Kc3 Rc1+ 96. Kb2 1-0

[Event "*** Titled Tuesday Blitz"]
[Site "Chess.com"]
[Date "2020.11.03"]
[Round "9"]
[White "pastouche06"]
[Black "Meri-Arabidze"]
[Result "1-0"]
[WhiteElo "2527"]
[BlackElo "2652"]
[TimeControl "180+1"]
[EndTime "11:51:44 PST"]
[Termination "pastouche06 won on time"]

1. d4 d5 2. c4 e6 3. Nc3 Nf6 4. cxd5 exd5 5. Bg5 Nbd7 6. e3 Be7 7.
Bd3 c6 8. Qc2 Nf8 9. Nge2 Ne6 10.
Bh4 g6 11. f3 O-O 12. O-O b5 13. Bf2 Bb7 14. h3 a6 15. e4 Nh5 16. e5 Rc8 17. Be3 c5 18. Qd2 cxd4 19. Nxd4 Nxd4 20. Bxd4 Bc5 21. Bxc5 Rxc5 22. Ne2 d4 23. f4 Qd5 24.
Rf2 Rfc8 25. Kh2 R5c7 26. g4 Ng7 27. Ng3 Qd8 28. Be4 f6 29. Bxb7 Rxb7 30. Ne4 fxe5 31. fxe5 Qe7 32. Nf6+ Kh8 33. Re1 Ne8 34. Qxd4 Rd8 35. Qf4 Nxf6 36. Qxf6+ Kg8 37. Qxa6 Rbd7 38. Qf6 Qb4 39. e6 Re7 40. Re5 Rde8 41. Re3 Qd6+ 42.
Qe5 Qd1 43. Re1 Qd3 44. Rfe2 Rf8 45. Qe3 Qd6+ 46. Qe5 Qd3 47. Qe3 Qd5 48. Qe4 Qxa2 49. b4 Qa7 50. Re3 Rf2+ 51. Kg3 Qa2 52. R3e2 Rxe2 53.
Rxe2 Qb3+ 54. Re3 Qd1 55. Rf3 Qg1+ 56. Kf4 Qh2+ 57. Kg5 Qd2+ 58. Kf6 Qd8 59. Ke5 Qc7+ 60. Kf6 Qd8 61. Ke5 Kg7 62. Rf7+ Rxf7 63. exf7 Qe7+ 64.
Kf4 Qxf7+ 65. Ke3 Qb3+ 66. Kf4 Qf7+ 67. Ke5 Qe7+ 68. Kd5 Qb7+ 69. Kd4 Qb6+ 70. Kd3 Kf6 71. Qf4+ Ke6 72. Qe4+ Kd6 73. Qf4+ Kc6 74. Qf6+ Kb7 75.
Qe7+ Ka6 76. Qxh7 Qd6+ 77. Kc3 Qe5+ 78. Kd3 Qd5+ 79. Kc3 Qf3+ 80. Kd4 Qf4+ 81. Kc3 Qe3+ 82. Kc2 Qe4+ 83. Kc1 Qc4+ 84. Kd1 Qb3+ 85. Ke2 Qxb4 86. Qxg6+ Ka5 87. g5 Qb2+ 88. Kd1 b4 89. Qf5+ Kb6 90.
Qf6+ 1-0

[Event "*** Titled Tuesday Blitz"]
[Site "Chess.com"]
[Date "2020.11.03"]
[Round "9"]
[White "sokidze"]
[Black "PavlovDanila"]
[Result "1-0"]
[WhiteElo "2555"]
[BlackElo "2666"]
[TimeControl "180+1"]
[EndTime "11:51:56 PST"]
[Termination "sokidze won by resignation"]

1. e4 e6 2. d4 d5 3. Nd2 Nf6 4. e5 Nfd7 5. Bd3 c5 6. c3 Nc6 7. Ne2 cxd4 8. cxd4 f6 9. exf6 Nxf6 10. O-O Bd6 11. Nf3 Qc7 12. Nc3 a6 13. h3 O-O 14.
Be3 e5 15. dxe5 Nxe5 16. Nd4 Nxd3 17. Qxd3 Qf7 18. Rad1 b5 19. a3 Bb7 20. Nf5 Bc7 21. Bd4 Rfe8 22. Rfe1 Rad8 23. Rxe8+ Rxe8 24. Bxf6 Qxf6 25. Nxd5 Bxd5 26. Qxd5+ Kh8 27. Qd7 Rd8 28. Qxc7 Rxd1+ 29. Kh2 Rd8 30. Qc5 Re8 31. Ng3 h6 32. b4 Rf8 33. f3 Re8 34. Qc7 Qe5 35. Qf7 Qe6 36. Qc7 Qe5 37. Qf7 Re6 38. f4 Qf6 39. Qc7 Re8 40. Nh5 Qg6 41. Ng3 Qe6 42. Nh5 Qg6 43. Ng3 Rf8 44. f5 Qf7 45. Qd6 Qf6 46. Qd7 Rd8 47. Qc7 Qd6 48. Qf7 Rf8 49. Qb7 Rxf5 50. Qc8+ Rf8 51. Qc2 Qf6 52. Qe4 Qd6 53. Qg4 Rd8 54.
h4 Rf8 55. Kh3 Qf4 56. Qe2 Qf6 57. Qe4 Qf7 58. Qe5 Re8 59. Qc3 Qe6+ 60. Kh2 Qe5 61. Qc6 Re6 62. Qc8+ Kh7 63. Qc2+ Kh8 64. Qc8+ Re8 65.
Qc2 Qe6 66. Qd3 Qc4 67. Qg6 Qe6 68. Qc2 Rc8 69. Qd3 Rc4 70. Qd8+ Kh7 71. h5 Rh4+ 72. Qxh4 Qe5 73. Qh3 Kh8 74. Qf5 Qe7 75. Qf3 Qh4+ 76. Kg1 Qd4+ 77. Qf2 Qd1+ 78. Nf1 Qd6 79. g3 Qd5 80.
Qg2 Qxh5 81. Qa8+ Kh7 82. Qxa6 Qd5 83. Qc8 Qd4+ 84. Kg2 Qe4+ 85. Kf2 Qd4+ 86. Ne3 Qd2+ 87. Kf3 Qd4 88. Qf5+ Kh8 89. Qxb5 Qf6+ 90. Qf5 Qb2 91.
b5 Qxa3 92. b6 Qb3 93. Qf8+ Kh7 94. Qf5+ Kh8 95. Qc8+ Kh7 96. b7 Qb2 97. b8=Q Qf6+ 98. Qf5+ Qxf5+ 99. Nxf5 Kg6 100. Nxg7 Kxg7 101. Kg4 h5+ 102. Kxh5 1-0

[Event "*** Titled Tuesday Blitz"]
[Site "Chess.com"]
[Date "2020.11.03"]
[Round "9"]
[White "AnishOnYoutube"]
[Black "Igor_Lysyj"]
[Result "1-0"]
[WhiteElo "2973"]
[BlackElo "2839"]
[TimeControl "180+1"]
[EndTime "11:52:06 PST"]
[Termination "AnishOnYoutube won on time"]

1. e4 e5 2. Nf3 Nc6 3. Bb5 Nf6 4. d3 Bc5 5. Bxc6 dxc6 6. Nbd2 Nd7 7. O-O O-O 8. Nc4 f6 9. Kh1 a5 10. a4 Nb6 11. Be3 Bxe3 12. Nxe3 Be6 13. Ng1 Qd4 14.
b3 Nd7 15. Ne2 Qc5 16. Qd2 Rae8 17. f4 f5 18. fxe5 Qxe5 19. d4 Qd6 20. exf5 Bf7 21.
Ng3 Nf6 22. Nc4 Bxc4 23. bxc4 b6 24. c3 Ng4 25. Rf3 Re7 26. Raf1 Rfe8 27. f6 gxf6 28. h3 Ne3 29. Rxe3 Rxe3 30. Nf5 Qe6 31. Nxe3 Qxe3 32. Qxe3 Rxe3 33. Rxf6 c5 34. dxc5 Rxc3 35. cxb6 cxb6 36. Rc6 Ra3 37. Rxb6 Rxa4 38. c5 Rc4 39. c6 a4 40. Ra6 a3 41. Kh2 a2 42. Rxa2 Rxc6 43.
Ra8+ Kg7 44. Ra7+ Kg6 45. Ra3 h6 46. Rg3+ Kf7 47. Rf3+ Kg7 48. Kg3 Rc4 49. Kf2 Rc2+ 50. Kg3 Rc4 51. Rf4 Rc3+ 52. Kh2 Kg6 53. Rg4+ Kf7 54. Rg3 Rc4 55. Rf3+ Kg7 56. Kg3 Rb4 57. Ra3 Rc4 58. Rb3 Rd4 59. Kf3 Rc4 60. Re3 Rb4 61.
Re7+ Kg6 62. Re4 Rb3+ 63. Kf4 Rb1 64. Kg3 Rg1 65. Rg4+ Kf7 66. Kh4 Rb1 67. Kh5 Rb6 68. Rg3 Rc6 69. Ra3 Kg7 70. Ra7+ Kg8 71. h4 Rb6 72.
Re7 Rc6 73. Re5 Rb6 74. Rd5 Rc6 75. Rd4 Rb6 76. Rg4+ Kh7 77. Rf4 Rb5+ 78. Kg4 Kg7 79. Rd4 Ra5 80. Rd7+ Kg8 81. Kh3 Rb5 82. Re7 Ra5 83.
Kg3 Rb5 84. Kf4 Ra5 85. Re5 Ra4+ 86. Re4 Ra5 87. Re7 Kh8 88. g3 Rb5 89. Re5 Rb6 90. Kf5 Kg7 91. Re7+ Kg8 92. Re6 Rb3 93. g4 Kg7 94.
Re7+ Kg8 95. Re6 Kg7 96. Re7+ Kg8 97. Re4 Rb6 98. Re6 Rb4 99. Rxh6 Rb5+ 100. Kf4 Rb4+ 101. Kf3 Rb3+ 102. Ke2 Rb2+ 103. Kd3 Rb4 104. Rg6+ Kh7 105. h5 Ra4 106. Ke3 Rb4 107. Kf3 Ra4 108. Re6 1-0

[Event "*** Titled Tuesday Blitz"]
[Site "Chess.com"]
[Date "2020.11.03"]
[Round "10"]
[White "Grandmaster1369"]
[Black "niki_2003"]
[Result "1-0"]
[WhiteElo "2308"]
[BlackElo "1964"]
[TimeControl "180+1"]
[EndTime "11:54:13 PST"]
[Termination "Grandmaster1369 won by resignation"]

1. e4 c5 2. c3 Nf6 3. e5 Nd5 4. d4 cxd4 5. Nf3 e6 6. Bc4 Nc6 7. O-O d6 8. cxd4 dxe5 9. dxe5 Bc5 10. Qe2 O-O 11. a3 a5 12. Bd3 Ba7 13. Bxh7+ Kxh7 14.
Ng5+ Kg8 15. Qh5 1-0

[Event "*** Titled Tuesday Blitz"]
[Site "Chess.com"]
[Date "2020.11.03"]
[Round "10"]
[White "hungrycaterpillar4"]
[Black "Savva09022009"]
[Result "1/2-1/2"]
[WhiteElo "2574"]
[BlackElo "2415"]
[TimeControl "180+1"]
[EndTime "11:54:19 PST"]
[Termination "Game drawn by repetition"]

1. e4 c5 2. Nf3 d6 3. d4 cxd4 4. Nxd4 Nf6 5. Nc3 Nc6 6. Be2 e5 7. Nb3 Be7 8. O-O O-O 9. f4 exf4 10. Bxf4 Be6 11. h3 Ne5 12. Nd4 Qb6 13. Na4 Qa5 14.
Nc3 Qb6 15. Na4 Qa5 16. Nc3 Qb6 1/2-1/2

[Event "*** Titled Tuesday Blitz"]
[Site "Chess.com"]
[Date "2020.11.03"]
[Round "10"]
[White "tptagain"]
[Black "Rakesh"]
[Result "1-0"]
[WhiteElo "2925"]
[BlackElo "2494"]
[TimeControl "180+1"]
[EndTime "11:54:28 PST"]
[Termination "tptagain won by resignation"]

1. Nf3 Nf6 2. b3 d5 3. Bb2 c5 4. e3 a6 5. g3 Nc6 6. Bg2 g6 7. d4 Bg7 8. dxc5 O-O 9. a3 a5 10.
O-O Ne4 11. Bxg7 Kxg7 12. Nd4 Nxc5 13. Nxc6 bxc6 14. Qd4+ e5 15. Qxc5 Re8 16. c4 Qe7 17. Qxe7 Rxe7 18. cxd5 cxd5 19. Nc3 Rb8 20. Nxd5 Reb7 21.
b4 axb4 22. axb4 Be6 23. Ra5 Bxd5 24. Bxd5 Rxb4 25. Ra7 1-0

[Event "*** Titled Tuesday Blitz"]
[Site "Chess.com"]
[Date "2020.11.03"]
[Round "10"]
[White "WcmDominicToretto"]
[Black "JiiHart"]
[Result "0-1"]
[WhiteElo "1897"]
[BlackElo "2086"]
[TimeControl "180+1"]
[EndTime "11:54:43 PST"]
[Termination "JiiHart won by resignation"]

1. e4 c5 2. Nc3 Nc6 3. f4 g6 4.
Nf3 Bg7 5. Bb5 e6 6. Bxc6 bxc6 7. O-O Ne7 8. d3 d5 9. Qe1 O-O 10. Qh4 Ba6 11. f5 exf5 12. Ng5 h6 13. Nf3 dxe4 14. Nd2 Nd5 15. Nxd5 Qxh4 0-1

[Event "*** Titled Tuesday Blitz"]
[Site "Chess.com"]
[Date "2020.11.03"]
[Round "10"]
[White "ailime26"]
[Black "andrzej"]
[Result "0-1"]
[WhiteElo "1944"]
[BlackElo "2375"]
[TimeControl "180+1"]
[EndTime "11:55:20 PST"]
[Termination "andrzej won by resignation"]

1. e4 c5 2. Nf3 d6 3. d4 cxd4 4.
Nxd4 Nf6 5. Nc3 a6 6. Be3 e6 7. f3 h5 8. Qd2 b5 9. f4 b4 10. Na4 Nxe4 11. Qxb4 d5 12. Qb3 Nd7 13.
f5 Rb8 14. Nc6 Rxb3 15. Nxd8 Rxe3+ 0-1

[Event "*** Titled Tuesday Blitz"]
[Site "Chess.com"]
[Date "2020.11.03"]
[Round "10"]
[White "AlexSuv"]
[Black "Javylavilla"]
[Result "1-0"]
[WhiteElo "2549"]
[BlackElo "2253"]
[TimeControl "180+1"]
[EndTime "11:55:31 PST"]
[Termination "AlexSuv won by resignation"]

1. d4 Nf6 2. c4 c5 3. d5 b5 4. Qc2 bxc4 5. e4 g6 6. Bxc4 d6 7. Nf3 Bg7 8. h3 O-O 9. O-O Nbd7 10. Na3 Nb6 11. Re1 a5 12. Bg5 Nfd7 13. Rad1 Rb8 14. b3 a4 15. bxa4 Nxc4 16. Nxc4 Rb4 17. a3 Rb8 18.
Nxd6 Ba6 19. Nc4 Bxc4 20. Qxc4 Qa5 21. Bxe7 Rfe8 22. Bd6 Rbc8 23. e5 Nb6 24. Qb5 Qa7 25.
Bxc5 1-0

[Event "*** Titled Tuesday Blitz"]
[Site "Chess.com"]
[Date "2020.11.03"]
[Round "10"]
[White "Piotrek1979"]
[Black "JosefineHeinemann"]
[Result "1-0"]
[WhiteElo "2494"]
[BlackElo "2595"]
[TimeControl "180+1"]
[EndTime "11:55:38 PST"]
[Termination "Piotrek1979 won by resignation"]

1. Nf3 c5 2. e4 Nc6 3. d4 cxd4 4. Nxd4 g6 5. Nc3 Bg7 6. Be3 Nf6 7. Bc4 O-O 8. Bb3 Qa5 9. O-O d6 10. h3 Bd7 11. Nde2 a6 12. Nf4 Rfe8 13. Nfd5 Nxd5 14. Nxd5 Bxb2 15. Bb6 Qa3 16. Rb1 Rac8 17. c3 Ne5 18. Qd2 Bxc3 19. Nxc3 Qb4 20. Bxf7+ 1-0

[Event "*** Titled Tuesday Blitz"]
[Site "Chess.com"]
[Date "2020.11.03"]
[Round "10"]
[White "monalize"]
[Black "jonaszmb"]
[Result "0-1"]
[WhiteElo "2286"]
[BlackElo "2421"]
[TimeControl "180+1"]
[EndTime "11:55:53 PST"]
[Termination "jonaszmb won by resignation"]

1. e4 c5 2. Nf3 Nc6 3. d4 cxd4 4. Nxd4 e5 5. Nb5 a6 6. N5c3 Nf6 7. g3 Bb4 8. a3 Ba5 9. Bg2 O-O 10. O-O d6 11.
h3 Be6 12. Bg5 Nd4 13. b4 Bb6 14. Nd5 Bxd5 15. exd5 h6 16. Be3 Rc8 17. Ra2 Nf5 18.
Bxb6 Qxb6 19. Qd3 e4 20. Qb3 e3 21. Kh2 e2 22. Re1 Qxf2 23. c4 Qxe1 0-1

[Event "*** Titled Tuesday Blitz"]
[Site "Chess.com"]
[Date "2020.11.03"]
[Round "10"]
[White "exoticprincess"]
[Black "Baby_Legs"]
[Result "0-1"]
[WhiteElo "2882"]
[BlackElo "2745"]
[TimeControl "180+1"]
[EndTime "11:56:09 PST"]
[Termination "Baby_Legs won by resignation"]

1. b3 c5 2. Bb2 d6 3. e3 Nf6 4. Bxf6 exf6 5. c4 d5 6. cxd5 Qxd5 7. Nc3 Qd8 8. g3 Be7 9. Bg2 O-O 10. Nge2 Nc6 11.
O-O Re8 12. Rc1 Bf8 13. Na4 Nb4 14. Nxc5 Nxa2 15. Ra1 Bxc5 16. Rxa2 a5 17. d4 Bb4 18.
Nf4 Ra6 19. Qd3 g6 20. Rc1 Bf5 21. Qd1 Qd7 22. Nd5 Rc8 23. Qg4 Rxc1+ 0-1

[Event "*** Titled Tuesday Blitz"]
[Site "Chess.com"]
[Date "2020.11.03"]
[Round "10"]
[White "penguingm1"]
[Black "Aygehovit1992"]
[Result "0-1"]
[WhiteElo "2792"]
[BlackElo "2658"]
[TimeControl "180+1"]
[EndTime "11:56:39 PST"]
[Termination "Aygehovit1992 won on time"]

1. e4 c5 2. Ke2 Nc6 3. Qe1 g6 4. Kd1 Bg7 5. Nc3 Nf6 6. h4 d5 7.
Nf3 Bg4 8. d3 Nd4 9. Be2 dxe4 10. Nxd4 Qxd4 11. Bxg4 Nxg4 0-1

[Event "*** Titled Tuesday Blitz"]
[Site "Chess.com"]
[Date "2020.11.03"]
[Round "10"]
[White "kidagent"]
[Black "BanjoKazooieN64"]
[Result "0-1"]
[WhiteElo "2295"]
[BlackElo "2390"]
[TimeControl "180+1"]
[EndTime "11:56:42 PST"]
[Termination "BanjoKazooieN64 won by resignation"]

1. e4 e5 2. Nf3 Nc6 3. Bb5 f5 4. Nc3 Nf6 5. d3 fxe4 6. dxe4 Bb4 7. Bd2 Bxc3 8. Bxc3 Nxe4 9. Bxc6 Nxc3 10. Bxd7+ Bxd7 11. bxc3 Qf6 12. O-O O-O-O 13. Qe2 Bg4 14. Qxe5 Bxf3 15. Qxf6 gxf6 16. gxf3 Rhg8+ 17. Kh1 Rd2 18. Rae1 Rxc2 19. Re7 Rxa2 20. Rxh7 Rc2 21. h4 Rxc3 22. h5 Rc4 0-1